TOP OF THE 1ST |
Minnesota Death Stars batting - Pitching for Evanston Elitists : RHP Arthur Martínez
|
Pitching: RHP Arthur Martínez
|
|
Batting: LHB Tim Griffith
|
0-0: Swinging Strike 0-1: Ball 1-1: DOUBLE (Flyball, 8LM)
|
Batting: RHB Raúl Flores
|
0-0: Called Strike 0-1: Ball 1-1: Swinging Strike 1-2: Ball 2-2: Strikes out swinging
|
Batting: RHB Sidney Smith
|
0-0: SINGLE (Flyball, 89S) Tim Griffith to third Runner from 3rd tries for Home, SAFE, throw made home Sidney Smith to second
|
Batting: RHB Sean White
|
0-0: Called Strike 0-1: Swinging Strike 0-2: Strikes out swinging
|
Batting: LHB William Harris
|
0-0: Ball Wild Pitch! Sidney Smith to third 1-0: SINGLE (Groundball, 34D) Sidney Smith scores
|
Batting: RHB Augusto Padilla
|
0-0: Called Strike 0-1: Ball 1-1: Ball 2-1: Ball 3-1: Fielders Choice at 2nd, 6-4 (Groundball, 6)
|
Top of the 1st over - 2 run(s), 3 hit(s), 0 error(s), 0 left on base; Minnesota 2 - Evanston 0 |
BOTTOM OF THE 1ST |
Evanston Elitists batting - Pitching for Minnesota Death Stars : LHP Will Chapman
|
Pitching: LHP Will Chapman
|
|
Batting: RHB Alberto Soto
|
0-0: DOUBLE (Line Drive, 9LM)
|
Batting: SHB Jacob Wilcox
|
0-0: Called Strike 0-1: Ball 1-1: Fly out, F8 (Flyball, 8RXD) Runner from 2nd tags up, SAFE at 3rd, no throw
|
Batting: LHB Jean-Sébastien Beaudin
|
0-0: Called Strike 0-1: Ball 1-1: Called Strike 1-2: Ball 2-2: Ball 3-2: Base on Balls
|
Batting: LHB Javier Mejía
|
0-0: Ball Jean-Sébastien Beaudin is caught stealing 2nd base 1-0: Called Strike 1-1: Ball 2-1: Ball 3-1: Base on Balls
|
Batting: LHB Alberto Varela
|
0-0: Ball Wild Pitch! Alberto Soto scores Javier Mejía to second 1-0: Ball 2-0: Foul Ball, location: 2F 2-1: Ball 3-1: Foul Ball, location: 2F 3-2: Foul Ball, location: 2F 3-2: Fly out, F5 (Line Drive, 56S)
|
Bottom of the 1st over - 1 run(s), 1 hit(s), 0 error(s), 1 left on base; Minnesota 2 - Evanston 1 |
TOP OF THE 2ND |
Minnesota Death Stars batting - Pitching for Evanston Elitists : RHP Arthur Martínez
|
Batting: LHB Shannon Hunter
|
0-0: Ball 1-0: Swinging Strike 1-1: Called Strike 1-2: Ball 2-2: Ball 3-2: Foul Ball, location: 2F 3-2: Foul Ball, location: 2F 3-2: Foul Ball, location: 2F 3-2: Strikes out looking
|
Batting: RHB Donny Boykins
|
0-0: Ball 1-0: Foul Ball, location: 2F 1-1: Ball 2-1: Fly out, F8 (Flyball, 8RM)
|
Batting: LHB Chris Henry
|
0-0: DOUBLE (Line Drive, 9LM)
|
Batting: LHB Tim Griffith
|
0-0: Called Strike 0-1: Swinging Strike 0-2: Strikes out swinging
|
Top of the 2nd over - 0 run(s), 1 hit(s), 0 error(s), 1 left on base; Minnesota 2 - Evanston 1 |
BOTTOM OF THE 2ND |
Evanston Elitists batting - Pitching for Minnesota Death Stars : LHP Will Chapman
|
Batting: RHB Miguel Toro
|
0-0: Called Strike 0-1: Ball 1-1: Foul Ball, location: 2F 1-2: Foul Ball, location: 2F 1-2: Ball 2-2: Ground out 5-3 (Groundball, 56)
|
Batting: LHB Ronald Gordon
|
0-0: Called Strike 0-1: Ball 1-1: Called Strike 1-2: Strikes out swinging
|
Batting: RHB Ron Newcombe
|
0-0: Called Strike 0-1: Ball 1-1: Foul Ball, location: 2F 1-2: Ball 2-2: Foul Ball, location: 2F 2-2: Strikes out swinging
|
Bottom of the 2nd over - 0 run(s), 0 hit(s), 0 error(s), 0 left on base; Minnesota 2 - Evanston 1 |
TOP OF THE 3RD |
Minnesota Death Stars batting - Pitching for Evanston Elitists : RHP Arthur Martínez
|
Batting: RHB Raúl Flores
|
0-0: Foul Ball, location: 2F 0-1: Ball 1-1: Fly out, F8 (Flyball, 8LD)
|
Batting: RHB Sidney Smith
|
0-0: Ball 1-0: Ball 2-0: Called Strike 2-1: Foul Ball, location: 2F 2-2: Strikes out swinging
|
Batting: RHB Sean White
|
0-0: Foul Ball, location: 2F 0-1: Ball 1-1: Called Strike 1-2: Strikes out swinging
|
Top of the 3rd over - 0 run(s), 0 hit(s), 0 error(s), 0 left on base; Minnesota 2 - Evanston 1 |
BOTTOM OF THE 3RD |
Evanston Elitists batting - Pitching for Minnesota Death Stars : LHP Will Chapman
|
Batting: RHB Jorge Calderón
|
0-0: Fly out, F9 (Flyball, 89XD)
|
Batting: RHB Alberto Soto
|
0-0: Ball 1-0: Ball 2-0: Foul Ball, location: 2F 2-1: Foul Ball, location: 2F 2-2: Ground out 1-3 (Groundball, 13)
|
Batting: SHB Jacob Wilcox
|
0-0: Called Strike 0-1: Foul Ball, location: 2F 0-2: Ball 1-2: Ball 2-2: Foul Ball, location: 2F 2-2: Fly out, F8 (Flyball, 89D)
|
Bottom of the 3rd over - 0 run(s), 0 hit(s), 0 error(s), 0 left on base; Minnesota 2 - Evanston 1 |
TOP OF THE 4TH |
Minnesota Death Stars batting - Pitching for Evanston Elitists : RHP Arthur Martínez
|
Batting: LHB William Harris
|
0-0: Ball 1-0: Fly out, F4 (Popup, 4S)
|
Batting: RHB Augusto Padilla
|
0-0: Called Strike 0-1: Foul Ball, location: 2F 0-2: Foul Ball, location: 2F 0-2: Strikes out swinging
|
Batting: LHB Shannon Hunter
|
0-0: Ball 1-0: Called Strike 1-1: Ground out 4-3 (Groundball, 4)
|
Top of the 4th over - 0 run(s), 0 hit(s), 0 error(s), 0 left on base; Minnesota 2 - Evanston 1 |
BOTTOM OF THE 4TH |
Evanston Elitists batting - Pitching for Minnesota Death Stars : LHP Will Chapman
|
Batting: LHB Jean-Sébastien Beaudin
|
0-0: Ball 1-0: Ball 2-0: Ball 3-0: Base on Balls
|
Batting: LHB Javier Mejía
|
0-0: Ball Jean-Sébastien Beaudin is caught stealing 2nd base 1-0: SINGLE (Groundball, 34D)
|
Batting: LHB Alberto Varela
|
0-0: Ball 1-0: Called Strike 1-1: Ball 2-1: Grounds into double play, 6-4-3 (Groundball, 6)
|
Bottom of the 4th over - 0 run(s), 1 hit(s), 0 error(s), 0 left on base; Minnesota 2 - Evanston 1 |
TOP OF THE 5TH |
Minnesota Death Stars batting - Pitching for Evanston Elitists : RHP Arthur Martínez
|
Batting: RHB Donny Boykins
|
0-0: Swinging Strike 0-1: Ground out 4-3 (Groundball, 4)
|
Batting: LHB Chris Henry
|
0-0: Called Strike 0-1: Swinging Strike 0-2: Foul Ball, location: 2F 0-2: DOUBLE (Flyball, 89D)
|
Batting: LHB Tim Griffith
|
0-0: Foul Ball, location: 2F 0-1: Ball 1-1: Foul Ball, location: 2F 1-2: Foul Ball, location: 2F 1-2: Foul Ball, location: 2F 1-2: SINGLE (Groundball, 34D) Chris Henry to third
|
Batting: RHB Raúl Flores
|
0-0: Called Strike 0-1: Ball 1-1: Ball 2-1: Fly out, F9 (Flyball, 9S)
|
Batting: RHB Sidney Smith
|
0-0: Swinging Strike 0-1: Ball 1-1: Foul Ball, location: 2F 1-2: Strikes out looking
|
Top of the 5th over - 0 run(s), 2 hit(s), 0 error(s), 2 left on base; Minnesota 2 - Evanston 1 |
BOTTOM OF THE 5TH |
Evanston Elitists batting - Pitching for Minnesota Death Stars : LHP Will Chapman
|
Batting: RHB Miguel Toro
|
0-0: Swinging Strike 0-1: Ground out 6-3 (Groundball, 56D)
|
Batting: LHB Ronald Gordon
|
0-0: Foul Ball, location: 2F 0-1: SINGLE (Line Drive, 56D)
|
Batting: RHB Ron Newcombe
|
0-0: Swinging Strike 0-1: Ground out 5-3 (Groundball, 5S) Ronald Gordon to second
|
Batting: RHB Jorge Calderón
|
0-0: Swinging Strike 0-1: Called Strike 0-2: Ball 1-2: Ball 2-2: Ball 3-2: Strikes out looking
|
Bottom of the 5th over - 0 run(s), 1 hit(s), 0 error(s), 1 left on base; Minnesota 2 - Evanston 1 |
TOP OF THE 6TH |
Minnesota Death Stars batting - Pitching for Evanston Elitists : RHP Arthur Martínez
|
Batting: RHB Sean White
|
0-0: Called Strike 0-1: Called Strike 0-2: Ball 1-2: Ball 2-2: Ball 3-2: Base on Balls
|
Batting: LHB William Harris
|
0-0: Fly out, F7 (Flyball, 7S)
|
Batting: RHB Augusto Padilla
|
0-0: Called Strike 0-1: Foul Ball, location: 2F 0-2: Foul Ball, location: 2F 0-2: Ball 1-2: Ground out 4-3 (Groundball, 4S) Sean White to second
|
Pitching: RHP Júlio Feliciano
|
|
Batting: LHB Shannon Hunter
|
0-0: Ground out 1-3 (Groundball, P)
|
Top of the 6th over - 0 run(s), 0 hit(s), 0 error(s), 1 left on base; Minnesota 2 - Evanston 1 |
BOTTOM OF THE 6TH |
Evanston Elitists batting - Pitching for Minnesota Death Stars : LHP Will Chapman
|
Batting: RHB Alberto Soto
|
0-0: Ball 1-0: Swinging Strike 1-1: Fly out, F8 (Flyball, 8LD)
|
Batting: SHB Jacob Wilcox
|
0-0: Ball 1-0: Foul Ball, location: 2F 1-1: Ground out 5-3 (Groundball, 56)
|
Batting: LHB Jean-Sébastien Beaudin
|
0-0: Ball 1-0: Called Strike 1-1: SINGLE (Line Drive, 34D)
|
Batting: LHB Javier Mejía
|
0-0: Ball 1-0: Called Strike 1-1: Ball Wild Pitch! Jean-Sébastien Beaudin to second 2-1: SINGLE (Groundball, 15S) (infield hit) Jean-Sébastien Beaudin to third
|
Pitching: RHP Alfredo Cabral
|
|
Batting: LHB Alberto Varela
|
0-0: Swinging Strike 0-1: Swinging Strike 0-2: Foul Ball, location: 2F 0-2: Strikes out swinging
|
Bottom of the 6th over - 0 run(s), 2 hit(s), 0 error(s), 2 left on base; Minnesota 2 - Evanston 1 |
TOP OF THE 7TH |
Minnesota Death Stars batting - Pitching for Evanston Elitists : RHP Júlio Feliciano
|
Batting: RHB Donny Boykins
|
0-0: Ball 1-0: Ball 2-0: Swinging Strike 2-1: Ball 3-1: Foul Ball, location: 2F 3-2: SOLO HOME RUN (Flyball, 7D), Distance : 384 ft
|
Batting: LHB Chris Henry
|
0-0: Ball 1-0: Called Strike 1-1: Ball 2-1: Ball 3-1: Foul Ball, location: 2F 3-2: Strikes out swinging
|
Batting: LHB Tim Griffith
|
0-0: Swinging Strike 0-1: Ball 1-1: Ball 2-1: TRIPLE (Flyball, 9D)
|
Batting: RHB Raúl Flores
|
0-0: Intentional Walk
|
Pinch Hitting: RHB Alfredo Villegas
|
0-0: Called Strike 0-1: Ball 1-1: Ball 2-1: DOUBLE (Line Drive, 7LM) Tim Griffith scores Raúl Flores to third Runner from 3rd tries for Home, SAFE, no throw
|
Batting: RHB Sean White
|
0-0: Intentional Walk
|
Pitching: RHP José Padilla
|
|
Batting: LHB William Harris
|
0-0: Called Strike 0-1: Called Strike Alfredo Villegas steals 3rd base Sean White to second 0-2: Strikes out swinging
|
Batting: RHB Augusto Padilla
|
0-0: Ball 1-0: Ground out 6-3 (Groundball, 6)
|
Top of the 7th over - 3 run(s), 3 hit(s), 0 error(s), 2 left on base; Minnesota 5 - Evanston 1 |
BOTTOM OF THE 7TH |
Evanston Elitists batting - Pitching for Minnesota Death Stars : RHP Alfredo Cabral
|
Now at 3B: Alfredo Villegas
|
|
Batting: RHB Miguel Toro
|
0-0: Ball 1-0: Swinging Strike 1-1: Ball 2-1: Swinging Strike 2-2: SINGLE (Line Drive, 4MD)
|
Batting: LHB Ronald Gordon
|
0-0: Foul Ball, location: 2F 0-1: Ball 1-1: Ball 2-1: Foul Ball, location: 2F 2-2: 2-RUN HOME RUN (Flyball, 89XD), Distance : 429 ft
|
Batting: RHB Ron Newcombe
|
0-0: Ball 1-0: Ball 2-0: Called Strike 2-1: Fly out, F5 (Popup, 6S)
|
Batting: RHB Jorge Calderón
|
0-0: Foul Ball, location: 2F 0-1: Called Strike 0-2: Ball 1-2: Ball 2-2: Strikes out looking
|
Batting: RHB Alberto Soto
|
0-0: Swinging Strike 0-1: Ball 1-1: Fly out, F5 (Line Drive, 5)
|
Bottom of the 7th over - 2 run(s), 2 hit(s), 0 error(s), 0 left on base; Minnesota 5 - Evanston 3 |
TOP OF THE 8TH |
Minnesota Death Stars batting - Pitching for Evanston Elitists : RHP José Padilla
|
Batting: LHB Shannon Hunter
|
0-0: Ball 1-0: Ball 2-0: Fly out, F7 (Line Drive, 78M)
|
Batting: RHB Donny Boykins
|
0-0: Called Strike 0-1: Ball 1-1: Foul Ball, location: 2F 1-2: Ball 2-2: Foul Ball, location: 2F 2-2: Ball 3-2: Strikes out swinging
|
Batting: LHB Chris Henry
|
0-0: Ball 1-0: Called Strike 1-1: Fly out, F2 (Popup, 15S)
|
Top of the 8th over - 0 run(s), 0 hit(s), 0 error(s), 0 left on base; Minnesota 5 - Evanston 3 |
BOTTOM OF THE 8TH |
Evanston Elitists batting - Pitching for Minnesota Death Stars : RHP Alfredo Cabral
|
Batting: SHB Jacob Wilcox
|
0-0: Called Strike 0-1: Ball 1-1: SINGLE (Line Drive, 8LS)
|
Pitching: LHP Kurt Brown
|
|
Batting: LHB Jean-Sébastien Beaudin
|
0-0: DOUBLE (Flyball, 8LXD) Jacob Wilcox to third Runner from 3rd tries for Home, SAFE, no throw
|
Pinch Hitting: LHB Luis Rodríguez
|
0-0: Called Strike 0-1: Ball 1-1: Ball 2-1: Hit by Pitch
|
Pitching: LHP Ernest Hutchinson
|
|
Pinch Hitting: RHB Henry Morris
|
0-0: Called Strike 0-1: Ball 1-1: Ball 2-1: Swinging Strike 2-2: Foul Ball, location: 2F 2-2: Ball 3-2: Base on Balls Jean-Sébastien Beaudin to third Luis Rodríguez to second
|
Pitching: RHP Arthur Melton
|
|
Batting: RHB Miguel Toro
|
0-0: Swinging Strike 0-1: Ball 1-1: Swinging Strike 1-2: Foul Ball, location: 2F 1-2: Ball 2-2: Strikes out swinging
|
Pitching: LHP Tom Workman
|
|
Batting: LHB Ronald Gordon
|
0-0: Called Strike 0-1: Fly out, F7 (Flyball, 7S)
|
Pitching: RHP Alfredo Ayala
|
|
Pinch Hitting: RHB António Martínez
|
0-0: Foul Ball, location: 2F 0-1: SINGLE (Groundball, 56D) Jean-Sébastien Beaudin scores Luis Rodríguez to third Henry Morris to second Runner from 3rd tries for Home, SAFE, throw made at trailing runner, SAFE at third!
|
Batting: RHB Jorge Calderón
|
0-0: Ball 1-0: Fielders Choice at 2nd, 5-4 (Groundball, 5)
|
Bottom of the 8th over - 3 run(s), 3 hit(s), 0 error(s), 1 left on base; Minnesota 5 - Evanston 6 |
TOP OF THE 9TH |
Minnesota Death Stars batting - Pitching for Evanston Elitists : RHP José Padilla
|
Pitching: RHP Pablo Lima
|
|
Now at 3B: António Martínez
|
|
Now at SS: Henry Morris
|
|
Now in RF: Ángelo Lara
|
|
Batting: LHB Tim Griffith
|
0-0: Foul Ball, location: 2F 0-1: Ball 1-1: Ball 2-1: Ground out 6-3 (Groundball, 6S)
|
Batting: RHB Raúl Flores
|
0-0: Called Strike 0-1: Ball 1-1: Ball 2-1: Ball 3-1: Fly out, F4 (Popup, 4D)
|
Batting: RHB Alfredo Villegas
|
0-0: Ball 1-0: Ball 2-0: Called Strike 2-1: Swinging Strike 2-2: Strikes out swinging
|
Top of the 9th over - 0 run(s), 0 hit(s), 0 error(s), 0 left on base; Minnesota 5 - Evanston 6 |
|